 Dungeon Crawl Stone Soup version 0.28-a0-1493-g08698888e4 (webtiles) character file.

Game seed: 16317701802624282560

20498 porpoise the Fighter (level 12, -3/102 HPs)
             Began as a Demonspawn Brigand on Jan 12, 2022.
             Was a High Priest of Nemelex Xobeh.
             Slain by a komodo dragon (22 damage)
             ... on level 4 of the Lair of Beasts on Jan 13, 2022.
             The game lasted 01:29:14 (24811 turns).

porpoise the Fighter (Demonspawn Brigand)          Turns: 24811, Time: 01:29:14

Health: -3/102     AC: 23    Str: 15    XL:     12   Next: 45%
Magic:  18/18      EV: 12    Int: 14    God:    Nemelex Xobeh [*****.]
Gold:   872        SH:  0    Dex: 17    Spells: 15/17 levels left

rFire   . . .      SeeInvis .   a - +4 short sword (elec)
rCold   + . .      Faith    .   (no shield)
rNeg    . . .      Spirit   .   A - +2 scale mail {Will+}
rPois   .          Reflect  .   (no helmet)
rElec   .          Harm     .   c - +0 cloak
rCorr   .          Rampage  .   p - +1 pair of gloves
Will    +....                   C - +0 pair of boots
Stlth   ++........              (no amulet)
HPRegen 0.27/turn               N - ring of protection from cold
MPRegen 0.16/turn               (no ring)

@: sanguine armoured
A: powered by pain 2, sanguine armour 2, demonic magic 2, weakness stinger 2,
agile 1, noise suppression
a: Renounce Religion, Draw Escape, Draw Destruction, Draw Summoning, Triple
Draw, Deal Four, Stack Five


You were on level 4 of the Lair of Beasts.
You worshipped Nemelex Xobeh.
Nemelex Xobeh was extremely pleased with you.
You visited 3 branches of the dungeon, and saw 15 of its levels.

You collected 872 gold pieces.

Inventory:

Hand Weapons
 a - a +4 short sword of electrocution (weapon)
 b - a +4 shortbow
 h - the +4 falchion of Sunlight {protect, rElec Str+4}
   (You found it on level 4 of the Lair of Beasts)

   It grants its wielder temporary protection when it strikes (+7 to AC).
   Str:       It affects your strength (+4).
   rElec:     It insulates you from electricity.
Missiles
 g - 26 stones (quivered)
 j - 184 arrows
 k - 32 sling bullets
 m - a curare-tipped dart
Armour
 c - a +0 cloak (worn)
 p - a +1 pair of gloves (worn)
 A - a +2 scale mail of willpower (worn)
 C - a +0 pair of boots (worn)
Magical Staves
 e - a staff of conjuration
Jewellery
 N - a ring of protection from cold (left hand)
Wands
 f - a wand of flame (57)
Scrolls
 i - a scroll of fog {unknown}
 l - 3 scrolls of magic mapping
 y - a scroll of blinking
 B - 2 scrolls of fear
 F - a scroll of summoning
 I - 2 scrolls of silence
 L - 3 scrolls of teleportation
Potions
 d - a potion of invisibility
 n - a potion of lignification {unknown}
 v - 5 potions of curing
 z - a potion of ambrosia {unknown}
 J - 3 potions of flight
 R - 2 potions of brilliance
 U - a potion of degeneration {unknown}
 V - a potion of haste {unknown}


   Skills:
 - Level 12.0 Fighting
 * Level 7.8 Short Blades
 - Level 2.0 Maces & Flails
 - Level 3.7(4.3) Slings
 - Level 3.1(4.0) Throwing
 * Level 6.2 Armour
 - Level 5.0 Dodging
 - Level 7.0 Stealth
 - Level 3.0 Spellcasting
 + Level 1.3 Translocations
 - Level 9.0 Invocations
 - Level 5.0 Evocations


You had 15 spell levels left.
You knew the following spells:

 Your Spells              Type           Power      Damage    Failure   Level
k - Blink                 Tloc           10%        N/A       54%         2

Your spell library contained the following spells:

 Spells                   Type           Power      Damage    Failure   Level
 Corpse Rot               Necr/Air       4%         N/A       73%         2
 Lesser Beckoning         Tloc           5%         N/A       77%         3
 Ignite Poison            Fire/Tmut/Pois 2%         N/A       91%         3
 Mephitic Cloud           Conj/Pois/Air  2%         N/A       91%         3
 Dispel Undead            Necr           2%         3d7       100%        4
 Alistair's Intoxication  Tmut/Pois      1%         N/A       100%        5
 Borgnjor's Vile Clutch   Necr/Erth      1%         N/A       100%        5
 Freezing Cloud           Conj/Ice/Air   1%         6-21      100%        5
 Manifold Assault         Tloc           5%         N/A       100%        5
 Death Channel            Necr           1%         N/A       100%        6
 Eringya's Noxious Bog    Tmut/Pois      1%         N/A       100%        6


Dungeon Overview and Level Annotations

Branches:
Dungeon (10/15)            Temple (1/1) D:4            Lair (4/6) D:9
 Shoals (0/4) Lair:3       Spider (0/4) Lair:3
    Orc: D:9-12

Altars:
Ashenzari
Cheibriados
Dithmenos
Elyvilon
Fedhas
Gozag
Hepliaklqana
Kikubaaqudgha
Makhleb
Nemelex Xobeh
Okawaru
Qazlal
Ru
Sif Muna
Trog
Uskayaw
Vehumet
Wu Jian
Xom
Yredelemnul
Zin
The Shining One

Shops:
D:3 :

Annotations:
D:7 exclusion: door


Innate Abilities, Weirdness & Mutations

You sometimes gain power by taking damage.
When seriously injured, your blood forms thick armour. (AC +9)
Spells you cast may paralyse nearby enemies.
You have a tail ending in a sharp stinger.
You are agile. (Dex +2)
You passively dampen the noise of your surroundings.


Message History

The yak gores you but does no damage.
You puncture the yak!
The yak is severely wounded.
You closely miss the yak.
The yak is severely wounded.
The yak gores you. The yak barely misses you.
You hit the yak but do no damage.
The yak is severely wounded.
The yak closely misses you. The yak gores you but does no damage.
The yak gores you. The yak gores you but does no damage.
You closely miss the yak. You tail-slap the yak!
The yak is heavily wounded.
You hit the yak.
The yak is severely wounded.
The yak barely misses you.
You puncture the yak!
The yak is almost dead.
The komodo dragon bites you!
Your blood congeals into armour.
You hit the yak but do no damage.
The yak is almost dead.
The yak gores you but does no damage. The komodo dragon bites you!!
You are too injured to fight recklessly!
You barely miss the yak.
The yak is almost dead.
The yak gores you but does no damage. The komodo dragon bites you!
You hit the yak but do no damage.
The yak is almost dead.
You hit the yak.
The yak is almost dead.
The yak gores you. The komodo dragon bites you!
* * * LOW HITPOINT WARNING * * *
You draw a card...
You have drawn the Cloud.
Clouds appear around you! The yak gores you but does no damage.
The komodo dragon bites you!
* * * LOW HITPOINT WARNING * * *
Okay, then.
You draw a card...
You have drawn the Pentagram.
The yak gores you but does no damage. The komodo dragon bites you!!
You die...
Your body glows with a rainbow of weird colours and disappears.

#..P##### #..# .....###
#..######
....P.###...##.##
................ .....
#............... .......
#...#P##..#.##.. .......
###3..# ##...##### .......
#@Y§..###P..##
.......###l§..##....######
.(........R§.......>......
.(........................
.(.....†.†.>.....#.####..#
........(####.....## #.
...>.....# ###.PP## ####
.......†## #PPP..###.##
.....(....................


You could see a komodo dragon (ally target), a yak (ally target), a friendly
rakshasa (summoned) and a friendly sun demon (summoned).

Vanquished Creatures
  A great orb of eyes (Lair:3)
  2 hydras
  Harold (D:7)
  A boulder beetle (Lair:4)
  Pikel (D:5)
  A manticore (Lair:3)
  An oklob plant (Lair:3)
  A black mamba (Lair:3)
  2 elephants
  5 cane toads
  2 rime drakes
  6 komodo dragons
  A troll (D:9)
  Grinder (D:6)
  7 polar bears
  A wind drake (Lair:2)
  4 blink frogs
  A hornet (D:9)
  A hornet (shapeshifter) (D:10)
  3 shadows
  A wyvern (Lair:4)
  A yak (Lair:4)
  A steam dragon (D:9)
  An acid dragon (D:8)
  10 water moccasins
  Duvessa (D:7)
  2 black bears (D:4)
  6 orc warriors
  3 sky beasts
  3 centaurs
  4 ogres
  3 necrophages
  A wolf (Lair:2)
  3 kobold brigands
  Blork the orc (D:4)
  12 bullfrogs
  9 scorpions
  A wyvern skeleton (D:7)
  A water moccasin zombie (D:5)
  Dowan (D:7)
  7 killer bees
  3 wights (D:9)
  A centaur zombie (D:10)
  A centaur skeleton (D:6)
  8 orc priests
  2 hounds (D:5)
  3 iguanas
  15 orc wizards
  A howler monkey skeleton (D:7)
  A howler monkey zombie (D:8)
  An adder (D:4)
  A shadow imp (D:5)
  2 white imps
  An ufetubus (D:6)
  6 worms
  2 dart slugs
  42 orcs
  6 ball pythons
  7 bats
  3 endoplasms
  4 giant cockroaches
  6 goblins
  9 hobgoblins
  7 jackals
  A quokka (D:2)
  3 frilled lizards
  21 kobolds
  5 rats
277 creatures vanquished.

Vanquished Creatures (collateral kills)
  An oklob plant (Lair:3)
  2 elephants (Lair:4)
  2 wandering mushrooms (Lair:3)
5 creatures vanquished.

Vanquished Creatures (others)
  15 fungi
  30 plants
45 creatures vanquished.

Grand Total: 327 creatures vanquished

Notes
Turn   | Place    | Note
-------+----------+-------------------------------------------
     0 | D:1      | porpoise the Demonspawn Brigand began the quest for the
                  | Orb.
     0 | D:1      | Reached XP level 1. HP: 16/16 MP: 1/1
   262 | D:1      | Reached skill level 1 in Dodging
   316 | D:1      | Gained mutation: Spells you cast may paralyse adjacent
                  | enemies. [demonic ancestry]
   316 | D:1      | Reached XP level 2. HP: 22/22 MP: 2/2
  1035 | D:2      | Gained mutation: You sometimes gain a little power by
                  | taking damage. [demonic ancestry]
  1035 | D:2      | Reached XP level 3. HP: 28/28 MP: 3/3
  1142 | D:2      | Reached skill level 3 in Fighting
  1893 | D:2      | Found a faded altar of an unknown god.
  2062 | D:3      | Found Lixas's Book Shoppe.
  2347 | D:3      | Gained mutation: When seriously injured, your blood forms
                  | armour. (AC +9) [demonic ancestry]
  2347 | D:3      | Reached XP level 4. HP: 34/35 MP: 4/4
  2948 | D:4      | Gained mutation: When seriously injured, your blood forms
                  | thick armour. (AC +9) [demonic ancestry]
  2948 | D:4      | Reached XP level 5. HP: 23/42 MP: 5/5
  3193 | D:4      | Gained mutation: You passively dampen the noise of your
                  | surroundings. [potion of mutation]
  3193 | D:4      | Gained mutation: You are agile. (Dex +2) [potion of
                  | mutation]
  3390 | D:4      | Reached skill level 4 in Fighting
  3858 | D:4      | Noticed Blork the orc
  3873 | D:4      | Killed Blork the orc
  3874 | D:4      | Reached XP level 6. HP: 24/50 MP: 6/6
  4085 | D:4      | Reached skill level 5 in Fighting
  4085 | D:4      | Reached skill level 5 in Stealth
  4092 | D:4      | Found a bloodstained altar of Trog.
  4162 | D:4      | Found a staircase to the Ecumenical Temple.
  4169 | D:4      | Reached XP level 7. HP: 49/56 MP: 7/7
  4265 | Temple   | Entered the Ecumenical Temple
  4274 | Temple   | Became a worshipper of Nemelex Xobeh the Trickster
  5116 | D:5      | Entered Level 5 of the Dungeon
  5144 | D:5      | Reached skill level 6 in Fighting
  5836 | D:5      | Found a hazy altar of Hepliaklqana.
  6329 | D:5      | Reached * piety under Nemelex Xobeh
  6329 | D:5      | Noticed Pikel
  6343 | D:5      | Killed Pikel
  6344 | D:5      | Reached skill level 7 in Fighting
  6344 | D:5      | Reached skill level 5 in Dodging
  6344 | D:5      | Gained mutation: You have a small tail. [demonic ancestry]
  6344 | D:5      | Reached XP level 8. HP: 46/67 MP: 8/8
  6905 | D:6      | Reached skill level 1 in Maces & Flails
  6905 | D:6      | Reached skill level 1 in Armour
  6905 | D:6      | Reached skill level 1 in Invocations
  7247 | D:6      | Noticed Grinder
  7278 | D:6      | Killed Grinder
  7279 | D:6      | Gained mutation: You sometimes gain power by taking damage.
                  | [demonic ancestry]
  7279 | D:6      | Reached XP level 9. HP: 45/72 MP: 10/12
  7425 | D:6      | Received a gift from Nemelex Xobeh
  7461 | D:6      | Found a shimmering altar of Xom.
  7744 | D:6      | Reached skill level 5 in Invocations
  8095 | D:7      | Found a shimmering blue altar of Sif Muna.
  8127 | D:7      | Noticed Duvessa
  8130 | D:7      | Noticed Dowan
  8135 | D:7      | Killed Duvessa
  8136 | D:7      | Reached skill level 1 in Slings
  8136 | D:7      | Reached skill level 1 in Evocations
  8141 | D:7      | Killed Dowan
  8350 | D:7      | Noticed Harold
  8398 | D:7      | Killed Harold
  8670 | D:7      | Reached ** piety under Nemelex Xobeh
  9106 | D:7      | Reached skill level 1 in Spellcasting
  9564 | D:7      | Reached skill level 5 in Armour
 10595 | D:8      | Gained mutation: You have a tail ending in a sharp stinger.
                  | [demonic ancestry]
 10595 | D:8      | Reached XP level 10. HP: 79/79 MP: 13/13
 11782 | D:8      | Learned a level 2 spell: Blink
 12043 | D:8      | Reached skill level 5 in Evocations
 12340 | D:9      | Reached *** piety under Nemelex Xobeh
 12896 | D:9      | Received a gift from Nemelex Xobeh
 13449 | D:9      | Paralysed by a hornet for 1 turns
 13451 | D:9      | Reached skill level 8 in Fighting
 13740 | D:9      | Found a staircase to the Lair.
 13843 | D:10     | Entered Level 10 of the Dungeon
 14127 | D:10     | Reached skill level 9 in Fighting
 14726 | D:10     | Received a gift from Nemelex Xobeh
 14951 | D:10     | Paralysed by a hornet for 2 turns
 15330 | D:10     | Reached **** piety under Nemelex Xobeh
 15412 | D:10     | Identified the +0 pair of gloves "Izxar" {Contam rF++ Str-4
                  | Int+9}
 15577 | Lair:1   | Entered Level 1 of the Lair of Beasts
 15579 | Lair:1   | Noticed a cane toad
 15597 | D:9      | Killed a cane toad
 16008 | Lair:1   | Gained mutation: Spells you cast may paralyse nearby
                  | enemies. [demonic ancestry]
 16008 | Lair:1   | Reached XP level 11. HP: 90/90 MP: 15/15
 16802 | Lair:1   | Noticed a four-headed hydra
 16831 | Lair:1   | Killed a four-headed hydra
 16832 | Lair:1   | Reached skill level 10 in Fighting
 17263 | Lair:1   | Received a gift from Nemelex Xobeh
 17678 | Lair:2   | Received a gift from Nemelex Xobeh
 18267 | Lair:2   | Reached ***** piety under Nemelex Xobeh
 19269 | Lair:3   | Noticed a four-headed hydra
 19600 | Lair:3   | Reached skill level 11 in Fighting
 19600 | Lair:3   | Reached skill level 5 in Short Blades
 19958 | Lair:3   | Found a staircase to the Shoals.
 20587 | Lair:3   | Noticed an oklob plant
 20746 | Lair:3   | Noticed a great orb of eyes
 20746 | Lair:3   | a four-headed hydra changed into a great orb of eyes
 20750 | Lair:3   | Killed a great orb of eyes
 21703 | Lair:3   | Received a gift from Nemelex Xobeh
 21703 | Lair:3   | Found a hole to the Spider Nest.
 21814 | Lair:3   | Noticed an oklob plant
 21829 | Lair:3   | Killed an oklob plant
 22144 | Lair:3   | Noticed an oklob plant
 22144 | Lair:3   | Noticed an oklob plant
 22184 | Lair:3   | an oklob plant changed into a wandering mushroom
 22184 | Lair:3   | an oklob plant changed into a wandering mushroom
 22211 | Lair:3   | Killed an oklob plant
 22507 | Lair:3   | Reached XP level 12. HP: 68/101 MP: 18/18
 22732 | Lair:3   | Upgraded the game from 0.28-a0-1447-ga5a8893891 to
                  | 0.28-a0-1493-g08698888e4
 22750 | Lair:4   | Noticed a boulder beetle
 22768 | Lair:3   | Reached skill level 12 in Fighting
 23267 | Lair:4   | Noticed a seven-headed hydra
 23279 | Lair:4   | Killed a seven-headed hydra
 23545 | Lair:4   | Identified the +4 falchion of Sunlight {protect, rElec
                  | Str+4}
 23615 | Lair:4   | Killed a boulder beetle
 24339 | Lair:4   | Reached skill level 1 in Translocations
 24811 | Lair:4   | Slain by a komodo dragon

Illustrated notes

Levels and vault maps discovered:
D:1:      saegor_arrival_miasma, layout_loops_cross, minmay_misc_feat_tower
D:2:      kennysheep_six_static_rooms, layout_rooms,
          hellmonk_ecumenical_altar_inner_sanctum
D:3:      layout_basic, serial_shops,
          nicolae_shop_temple_entry_statues_fountains
D:4:      layout_layer_cave, trog_ov_bears_minmay, minmay_temple_entry_glass,
          minmay_misc_feat_rugged, minmay_a_box_with_orc_wizards_in_it,
          uniq_blork_the_orc
D:5:      layout_basic, lemuel_crystal_altar, chequers_serial_rivers_micro_b,
          grunt_tough_drop, uniq_pikel
D:6:      layout_layer_cave, amcnicky_altar_gilded, nicolae_ossuary_entry_ruins,
          kennysheep_potato, uniq_grinder
D:7:      layout_basic, led_sif_book, uniq_harold, uniq_duvessa
D:8:      layout_rooms, serial_co_window_serial, co_window_corner_a,
          co_window_paths_b, co_window_paths_b, co_window_cross_1,
          co_window_paths_a, co_window_paths_a, co_window_corner_a,
          co_window_paths_c, co_window_2corner, co_window_paths_c,
          co_window_broadway_a, co_window_corner_b, co_window_corner_b,
          co_window_corner_b, co_window_4corner_a
D:9:      minmay_skewed_foursquare, layout_loops_ring
D:10:     layout_cave_pools
Temple:   nicolae_temple_no_exploring_needed
Lair:1:   layout_concentric_octagons, st_stairs_3, grunt_megastairs_3
Lair:2:   layout_long_grid, cheibrodos_lair_lostbears
Lair:3:   minmay_lair_oklob_chamber, layout_long_grid,
          minmay_shoals_entry_beasts, nicolae_spider_entry_non_spiders
Lair:4:   layout_small_grid, nicolae_quartered_pool_impasse,
          serial_bayou_pond_a, grunt_megastairs_4

Skill      XL: |  1  2  3  4  5  6  7  8  9 10 11 12 |
---------------+-------------------------------------+-----
Short Blades   | 2 3 6 7 |  7.8
Dodging        | 1 2 3 5 |  5.0
Fighting       | 3 4 5 7 9 11 12 | 12.0
Stealth        | 4 5 6 7 |  7.0
Maces & Flails | 2 |  2.0
Armour         | 2 5 6 |  6.2
Invocations    | 4 5 8 9 |  9.0
Slings         | 3 |  3.7
Evocations     | 4 5 |  5.0
Spellcasting   | 1 3 |  3.0
Throwing       | 3 |  3.1
Translocations | 1 |  1.3

Action                   |  1- 3 |  4- 6 |  7- 9 | 10-12 || total
-------------------------+-------+-------+-------+-------++-------
Melee: Dagger            |    84 |   110 |   257 |       ||   451
       Punch             |     2 |     3 |     5 |     8 ||    18
       Tailslap          |       |       |    40 |   102 ||   142
       Short sword       |       |       |    64 |   548 ||   612
 Fire: Hunting sling     |    49 |    44 |    75 |   133 ||   301
       Shortbow          |       |       |       |   153 ||   153
Throw: Dart              |    12 |       |    15 |    17 ||    44
Invok: Draw Destruction  |       |       |       |    20 ||    20
       Draw Summoning    |       |       |       |     5 ||     5
       Draw Escape       |       |       |       |     2 ||     2
       Deal Four         |       |       |       |     1 ||     1
Evoke: Wand              |       |       |     4 |     3 ||     7
  Use: Scroll            |     6 |     1 |     9 |     5 ||    21
       Potion            |       |     1 |     3 |     5 ||     9
 Stab: Sleeping          |     4 |       |    10 |     2 ||    16
       Distracted        |       |       |     1 |     1 ||     2
Armor: Robe              |    22 |    36 |       |       ||    58
       Leather armour    |       |    19 |    60 |       ||    79
       Scale mail        |       |       |    53 |   357 ||   410
Dodge: Dodged            |    45 |    83 |   161 |   342 ||   631

Table legend: (Time is in decaauts)
 A = Elapsed time spent in this place.
 B = Non-inter-level travel time spent in this place.
 C = Inter-level travel time spent in this place.
 D = Time resting spent in this place.
 E = Time spent auto-exploring this place.
 F = Levels seen in this place.
 G = Mean time per level.
                   A        B        C        D        E       F      G
               +--------+--------+--------+--------+--------+-----+--------+
         Total |  24687 |  24140 |    547 |  10917 |   9779 |  15 | 1645.8 |
       Dungeon |  15665 |  15309 |    356 |   5969 |   7084 |  10 | 1566.5 |
        Temple |     16 |      9 |      7 |      0 |      0 |   1 |   16.0 |
          Lair |   9005 |   8822 |    183 |   4948 |   2695 |   4 | 2251.2 |
               +--------+--------+--------+--------+--------+-----+--------+

Top non-repeatable levels by time:
  Lair:3: 3494 daAuts
  Lair:2: 2279 daAuts
     D:8: 2267 daAuts
     D:9: 2036 daAuts
     D:7: 2004 daAuts
  Lair:1: 1818 daAuts
     D:4: 1770 daAuts
     D:5: 1758 daAuts
  Lair:4: 1413 daAuts
    D:10: 1364 daAuts
     D:2: 1309 daAuts
     D:3: 1283 daAuts
     D:6: 1154 daAuts
     D:1: 716 daAuts
  Temple: 16 daAuts
